 Dungeon Crawl Stone Soup version 0.31-a0-23-gcbde74481b (webtiles) character file.

Game seed: 6763357117869780313

(classic levelgen) 2 Amnesiac the Sneak (level 1, 0/11 HPs)
             Began as a Spriggan Delver on May 13, 2023.
             Slain by a goblin
             ... wielding a +0 club
              (3 damage)
             ... on level 4 of the Dungeon.
             The game lasted 00:00:30 (121 turns).

Amnesiac the Sneak (Spriggan Delver)                 Turns: 121, Time: 00:00:30

Health: 0/11       AC:  2    Str:  8    XL:     1   Next: 25%
Magic:  2/2        EV: 17    Int: 11    God:
Gold:   32         SH:  0    Dex: 16    Spells: 0/0 levels left

rFire   . . .        a - +0 short sword
rCold   . . .        (no shield)
rNeg    . . .        b - +0 robe
rPois   .            (helmet restricted)
rElec   .            (no cloak)
rCorr   .            (gloves unavailable)
SInv    +            (boots unavailable)
Will    .....        (no amulet)
Stlth   ++++         (no ring)
HPRegen 0.21/turn    (no ring)
MPRegen 0.08/turn

%: no passive effects
@: very quick
A: very small, no large weapons, unfitting armour, see invisible, speed 3
a: no special abilities


You were on level 4 of the Dungeon.
You visited 1 branch of the dungeon, and saw 2 of its levels.

You collected 32 gold pieces.

Inventory:

Hand Weapons
 a - a +0 short sword (weapon)
Armour
 b - a +0 robe (worn)
Wands
 g - a wand of digging (3)
Scrolls
 c - a scroll of fog {!r}
 d - 2 scrolls of magic mapping {!r}
 e - a scroll of fear {!r}
 h - a scroll of teleportation {!r, unknown}
 j - a scroll of identify {!r, unknown}
Potions
 f - a potion of haste {!q}
 i - a potion of flight {!q, unknown}


   Skills:
 - Level 2.4 Fighting
 - Level 2.1 Short Blades
 - Level 2.6 Dodging
 - Level 7.2 Stealth
 + Level 1.0 Evocations


You couldn't memorise any spells.
You didn't know any spells.
Your spell library was empty.

Dungeon Overview and Level Annotations

Branches:
Dungeon (5/15)
 Temple: D:4-7

Altars:

Annotations:
D:4 exclusion: downstairs
D:5 Menkaure


Innate Abilities, Weirdness & Mutations

You are very small and have problems with some larger weapons.
You are too small for most types of armour.
You have supernaturally acute eyesight. (SInv)
You cover ground extremely quickly. (Speed+++)


Message History

Menkaure, Prince of Dust comes into view.
There is a stone staircase leading up here.
Menkaure shouts!
Menkaure casts a spell.
Menkaure seems to speed up.
You climb upwards.
Found an escape hatch in the floor.
There is a stone staircase leading down here.
Press: ? - help, v - describe, . - travel A stone staircase leading down.
Placed new exclusion.
Reduced exclusion size to a single square.
There is an escape hatch in the floor here.
A quokka comes into view.
A ball python comes into view.
You swing at nothing.
You hit the quokka but do no damage. The quokka closely misses you.
You barely miss the quokka. The quokka bites you.
You hit the quokka.
The quokka is moderately wounded.
The ball python hisses angrily.
A goblin comes into view. It is wielding a +0 club.
The quokka misses you.
You closely miss the quokka.
The quokka is moderately wounded.
The goblin shouts!
The quokka closely misses you.
You hit the quokka.
The quokka is heavily wounded.
The quokka closely misses you. x2
You closely miss the quokka.
The quokka is heavily wounded.
The quokka misses you.
You closely miss the quokka.
The quokka is moderately wounded.
The quokka closely misses you.
You barely miss the quokka.
The quokka is moderately wounded.
The quokka misses you.
You barely miss the quokka.
The quokka is moderately wounded.
The quokka closely misses you.
You barely miss the quokka.
The quokka is moderately wounded.
The quokka bites you.
* * * LOW HITPOINT WARNING * * *
You miss the quokka.
The quokka is moderately wounded.
The quokka bites you.
* * * LOW HITPOINT WARNING * * *
Okay, then.
You hit the quokka.
The quokka is almost dead.
The quokka bites you but does no damage.
You hit the quokka.
You kill the quokka!
The ball python barely misses you. The ball python misses you.
You hit the ball python.
You kill the ball python!
Your Evocations skill increases to level 1!
You hit the goblin.
The goblin is severely wounded.
The goblin hits you with a +0 club.
You die...

## ##.#####
#..#...#
#..#.>.#
##.##..>#
#.......##
##@.......##
#g######...#
#.## ###...#
#.# ##..#
#.# ##.. #..
. #.. #..
..#


You could see a goblin.

Vanquished Creatures
  A quokka (D:4)
  A ball python (D:4)
2 creatures vanquished.

Notes
Turn   | Place    | Note
-------+----------+-------------------------------------------
     0 | D:5      | Amnesiac the Spriggan Delver began the quest for the Orb.
     0 | D:5      | Reached XP level 1. HP: 11/11 MP: 2/2
    59 | D:5      | Noticed a black bear
    86 | D:5      | Noticed Menkaure
   121 | D:4      | Reached skill level 1 in Evocations
   121 | D:4      | Slain by a goblin

Illustrated notes

Levels and vault maps discovered:
D:4:      minmay_spotlight, layout_cave_pods, general_overflow_altar,
          gammafunk_temple_overflow_pools
D:5:      layout_loops_ring, kennysheep_little_box,
          hangedman_abyss_or_decor_passed, uniq_eustachio, uniq_menkaure,
          uniq_grinder

Skill      XL: |  1 |
---------------+----+-----
Evocations     | 1 |  1.0
Fighting       | |  2.4
Short Blades   | |  2.1
Dodging        | |  2.6
Stealth        | |  7.2

Action                     || total
---------------------------++-------
  Melee: Short sword       ||    15
 Armour: Robe              ||     1
  Dodge: Dodged            ||    11

Table legend: (Time is in decaauts)
 A = Elapsed time spent in this place.
 B = Non-inter-level travel time spent in this place.
 C = Inter-level travel time spent in this place.
 D = Time resting spent in this place.
 E = Time spent auto-exploring this place.
 F = Levels seen in this place.
 G = Mean time per level.
                   A        B        C        D        E       F      G
               +--------+--------+--------+--------+--------+-----+--------+
         Total |     79 |     79 |      0 |      0 |     32 |   2 |   39.5 |
       Dungeon |     79 |     79 |      0 |      0 |     32 |   2 |   39.5 |
               +--------+--------+--------+--------+--------+-----+--------+

Top non-repeatable levels by time:
     D:5: 57 daAuts
     D:4: 22 daAuts
